Map: Dasan Station LE

Players

Nickos

  • Race: Terran Terran
  • League: Gold

Maru - Winner!

  • Race: Terran Terran
  • League: Platinum

VOD

Have the link to the VOD?

Description

Time

  • Played on: Sept. 2, 2016, 6:03 a.m.
  • Length: 6:19
Show
View Real Time Build Order
Export as new Build Order

Nickos Terran 

Build Orders:  

Get SALT Encoding   

  12  0:01  SCV  
  13  0:13  SCV  
  14  0:17  Supply Depot  
  14  0:25  SCV  
  15  0:39  SCV  
  15  0:41  Barracks  
  16  0:51  SCV  
  17  1:03  SCV  
  18  1:15  SCV  
  19  1:19  Command Center  
  19  1:31  Orbital Command  
  19  1:32  Marine  
  20  1:40  Supply Depot  
  20  1:50  Marine  
  21  1:54  Barracks  
  21  1:58  SCV  
  21  2:08  Marine  
  21  2:10  SCV  
  23  2:18  Barracks  
  23  2:26  Refinery, Marine  
  23  2:27  Refinery  
  23  2:28  SCV  
  25  2:38  Orbital Command  
  25  2:42  Marine  
  26  2:44  Marine  
  26  2:46  SCV  
  28  2:58  SCV  
  28  3:05  Barracks Tech Lab  
  29  3:09  SCV  
  29  3:10  SCV  
  29  3:12  Marine  
  32  3:13  Barracks Reactor  
  32  3:21  SCV  
  32  3:23  Marine, SCV  
  32  3:26  Stimpack  
  35  3:33  SCV  
  36  3:36  SCV  
  36  3:40  Barracks Reactor  
  37  3:45  SCV  
  37  3:46  Marine  
  39  3:49  SCV  
  39  3:54  Factory  
  40  3:58  SCV  
  40  3:59  Marine x2  
  40  4:01  SCV  
  44  4:04  Supply Depot, Marine  
  45  4:10  SCV  
  45  4:15  Supply Depot  
  46  4:25  Marine x4  
  46  4:26  Marine, SCV x2  
  53  4:34  Supply Depot  
  53  4:37  Supply Depot  
  53  4:38  SCV x2  
  55  4:39  Factory Reactor  
  55  4:41  Starport  
  55  4:43  Marine x3  
  58  4:50  SCV x2  
  60  4:57  Supply Depot, Marine x2  
  61  5:02  SCV x2  
  47  5:07  Marine  
  47  5:08  Marine  
  47  5:09  Marine  
  34  5:15  Marine x2  
  31  5:25  Marine  
  31  5:26  Marine x2  
  34  5:33  Marine x2  
  36  5:43  Marine  
  36  5:44  Marine x2  
  34  5:51  Marine x2  
  33  6:01  Marine  
  33  6:03  SCV  
Show
View Real Time Build Order
Export as new Build Order

Maru Terran - Winner!

Build Orders: 1/1/1 

Get SALT Encoding   

  12  0:00  SCV  
  13  0:13  SCV  
  14  0:21  Supply Depot  
  14  0:25  Refinery  
  14  0:29  SCV  
  15  0:44  Barracks  
  15  0:50  SCV  
  15  0:56  Refinery  
  16  1:02  SCV  
  17  1:13  Supply Depot  
  17  1:14  SCV  
  18  1:26  SCV  
  19  1:34  Factory  
  19  1:37  Marine  
  20  1:50  Orbital Command  
  20  1:55  Marine  
  21  2:13  Marine  
  22  2:20  Factory Tech Lab, Starport  
  22  2:26  Supply Depot  
  22  2:31  Marine  
  22  2:36  SCV  
  24  2:41  Siege Tank  
  27  2:49  Supply Depot  
  27  2:53  Marine  
  28  2:59  Medivac  
  30  3:11  Marine  
  31  3:13  Siege Tank  
  34  3:21  Supply Depot  
  34  3:25  SCV  
  35  3:28  Marine  
  35  3:30  Medivac  
  38  3:37  SCV  
  39  3:49  Marine  
  40  4:00  Medivac  
  42  4:05  Command Center  
  42  4:07  Marine  
  43  4:10  SCV  
  44  4:29  Marine  
  44  4:30  Siege Tank  
  40  4:38  Medivac  
  42  5:22  SCV  
  42  5:23  Medivac, Siege Tank  
  42  5:24  Orbital Command, Marine  
  49  5:42  Marine  
  50  5:48  Barracks x2  
  55  6:00  Marine  
Tags
 
Matchup
TvT
Opening
1/1/1
Race
Terran
Replay Pack
Nickos replay
Add a new tag
Caveats
  • Supply blocks, unpowered buildings, or Contaminate may cause inaccurate times.
  • Supply counts are checked every 10 seconds.